 Dungeon Crawl Stone Soup version 0.31.0-1-g2c135a008e (webtiles) character file.

Game seed: 283193080581283074

220 qw the Shooter (level 6, 0/46 HPs)
             Began as a Djinni Hunter on Jan 23, 2024.
             Slain by an orc
             ... wielding a +0 short sword
              (2 damage)
             ... on level 4 of the Dungeon.
             The game lasted 00:00:08 (1997 turns).

qw the Shooter (Djinni Hunter)                      Turns: 1997, Time: 00:00:09

Health: 0/46       AC:  9    Str: 10    XL:     6   Next: 18%
Gold:   110        EV: 11    Int: 10    God:
                   SH:  5    Dex: 19

rFire   + + .        a - +0 shortbow
rCold   . . .        (shield currently unavailable)
rNeg    . . .        k - +0 ring mail
rPois   inf          (no helmet)
rElec   .            e - +2 cloak
rCorr   .            g - +0 pair of gloves
SInv    .            (boots unavailable)
Will    .....        b - amulet of reflection
Stlth   +            h - ring of protection from cold
HPRegen 0.27/turn    (no ring)
MPRegen 0.00/turn

%: reflection, infuse magic (-1 HP)
@: about to teleport, flying
A: sickness immunity, fire resistance 2, cold vulnerability 1, float, innate
caster, HP casting, extra vitality 1
a: no special abilities


You were on level 4 of the Dungeon.
You visited 1 branch of the dungeon, and saw 4 of its levels.

You collected 110 gold pieces.


Innate Abilities, Weirdness & Mutations

You are immune to sickness and miasma.
You are immune to poison.
Your flesh is very heat resistant. (rF++)
You are vulnerable to cold. (rC-)
You float through the air rather than walking.
You learn spells naturally, not from books.
Your magical power is your life essence.
You have superior vitality. (+4 MHP)


   Skills:
 + Level 3.2 Fighting
 - Level 5.0 Ranged Weapons
 - Level 1.0 Armour
 - Level 3.0 Dodging
 - Level 0.7 Stealth


You knew the following spells:

 Your Spells              Type           Power      Damage    Failure   Level
a - Apportation           Tloc           0%         N/A       67%         1
b - Mercury Vapours       Alch/Air       0%         N/A       82%         2
Your spell library was empty.

Inventory:

Hand Weapons
 a - a +0 shortbow (weapon)
Armour
 e - a +2 cloak (worn)
 g - a +0 pair of gloves (worn)
 k - a +0 ring mail (worn)
Jewellery
 b - an amulet of reflection (around neck)
 h - a ring of protection from cold (left hand)
Scrolls
 d - 3 scrolls of teleportation
Potions
 f - a potion of mutation
 i - 2 potions of curing
 m - a potion of brilliance {unknown}

Dungeon Overview and Level Annotations

Branches:
Dungeon (4/15)
 Temple: D:4-7

Altars:

Annotations:
D:4 Edmund


Message History

You shoot an arrow.
The arrow hits the gnoll but does no damage.
The gnoll is severely wounded.
The gnoll hits you with a +0 club. The orc misses you.
You block the gnoll's attack. The gnoll hits you but does no damage.
The gnoll barely misses you. The orc closely misses you.
The gnoll barely misses you.
You shoot an arrow. The arrow hits the gnoll!
You kill the gnoll!
The gnoll misses you.
The gnoll hits you from afar with a +0 spear.
You shoot an arrow. The arrow hits the orc.
The orc is almost dead.
You block the orc's attack. The gnoll hits you with a +0 club.
The gnoll hits you but does no damage.
You shoot an arrow.
The arrow hits the orc but does no damage.
The orc is almost dead.
The orc hits you with a +0 hand axe.
The gnoll hits you from afar with a +0 spear.
The orc hits you with a +0 short sword. The gnoll hits you but does no damage.
You block the gnoll's attack. The gnoll closely misses you.
The orc closely misses you.
The gnoll hits you from afar with a +0 spear.
The orc closely misses you.
You shoot an arrow. The arrow barely misses the orc.
The orc barely misses you. The gnoll barely misses you. x2
The orc hits you with a +0 hand axe.
The orc hits you with a +0 short sword. x2
You block the gnoll's attack.
1996 ||| READING 4 scrolls of teleportation.
As you read the scroll of teleportation, it crumbles to dust.
You feel strangely unstable. The gnoll closely misses you.
The gnoll hits you with a +0 club.
The orc barely misses you. x2; The gnoll hits you but does no damage.
You block the orc's attack.
You shoot an arrow. The arrow closely misses the orc.
You block the gnoll's attack. The orc hits you but does no damage.
The orc closely misses you. The gnoll misses you. The gnoll closely misses you.
The orc hits you with a +0 short sword.
You die...

#..........# #........#.#
#########.#.###
#[............# #
............#.# ..
......)..#.#.#### ...
..................# ....
....##....##......# g....
....##..........@o#>...o@
......##.##..(.oogg...#
.............>..[.g......
.............#..........#
.............#.....#....#
.............#.....#.....
.............#.....# ....
..........#.#......# ...
.....#......#......# ...


You could see 3 gnolls and 3 orcs.

Vanquished Creatures
  A phantom (D:4)
  Natasha (D:2)
  A gnoll (D:4)
  4 adders
  3 dart slugs
  A ribbon worm (D:2)
  2 orcs (D:3)
  2 bats (D:1)
  7 endoplasms
  3 giant cockroaches
  5 goblins
  8 hobgoblins
  2 quokkas
  7 ball pythons
  4 frilled lizards
  8 kobolds
  7 rats
66 creatures vanquished.

Notes
Turn   | Place    | Note
-------+----------+-------------------------------------------
     0 | D:1      | qw the Djinni Hunter began the quest for the Orb.
     0 | D:1      | Reached XP level 1. HP: 18/18 MP: 0/0
     0 | D:1      | 0 ||| qw: Version: 0.3-a-135-gb77e89d
     0 | D:1      | 0 ||| qw: Game counter: 846
     0 | D:1      | 0 ||| qw: Melee chars always use a shield: true
     0 | D:1      | 0 ||| qw: God list: Okawaru
     0 | D:1      | 0 ||| qw: Allow faded altars: false
     0 | D:1      | 0 ||| qw: Do Orc after clearing Dungeon:15 true
     0 | D:1      | 0 ||| qw: Do second Lair branch before Depths: true
     0 | D:1      | 0 ||| qw: Lair rune preference: random
     0 | D:1      | 0 ||| qw: Goals: Normal
     0 | D:1      | 0 ||| PLANNING D:1-11
   271 | D:1      | Reached XP level 2. HP: 23/23 MP: 0/0
   638 | D:1      | Reached skill level 4 in Ranged Weapons
   638 | D:1      | Reached XP level 3. HP: 28/28 MP: 0/0
   638 | D:1      | Learned a level 1 spell: Apportation
   727 | D:1      | 727 ||| UPGRADING to +2 cloak.
   732 | D:1      | 732 ||| UPGRADING to +0 pair of gloves.
   737 | D:1      | 737 ||| UPGRADING to ring of protection from cold.
   738 | D:1      | 738 ||| READING 2 scrolls labelled UPSESO NELOACO.
   741 | D:1      | 741 ||| DROPPING scroll of butterflies.
   856 | D:2      | 856 ||| FLEEEEING.
   857 | D:2      | 857 ||| FLEEEEING.
   858 | D:2      | 858 ||| FLEEEEING.
   859 | D:2      | 859 ||| FLEEEEING.
   860 | D:2      | 860 ||| FLEEEEING.
   861 | D:2      | 861 ||| FLEEEEING.
   931 | D:2      | Reached XP level 4. HP: 34/34 MP: 0/0
   971 | D:2      | Reached skill level 3 in Fighting
   994 | D:2      | Noticed Natasha
  1004 | D:2      | Killed Natasha
  1005 | D:2      | Reached skill level 3 in Dodging
  1045 | D:2      | You are sucked into a shaft and drop 1 floor!
  1180 | D:3      | Reached skill level 1 in Armour
  1405 | D:3      | Reached XP level 5. HP: 40/40 MP: 0/0
  1405 | D:3      | Learned a level 2 spell: Mercury Vapours
  1420 | D:3      | 1420 ||| UPGRADING to +0 ring mail.
  1430 | D:3      | 1430 ||| DROPPING +0 leather armour.
  1431 | D:3      | 1431 ||| UPGRADING to amulet of reflection.
  1436 | D:3      | 1436 ||| READING scroll labelled ONEYLU QAFEGE.
  1436 | D:3      | 1436 ||| IDENTIFYING purple potion
  1437 | D:3      | 1437 ||| READING scroll labelled KUONWOIMIS.
  1538 | D:3      | 1538 ||| DRINKING 3 amethyst potions.
  1539 | D:3      | 1539 ||| DRINKING 2 sedimented red potions.
  1540 | D:3      | 1540 ||| DROPPING potion of attraction.
  1879 | D:4      | 1879 ||| PLANNING OSSUARY
  1902 | D:4      | Noticed a phantom
  1922 | D:4      | Killed a phantom
  1923 | D:4      | Reached skill level 5 in Ranged Weapons
  1923 | D:4      | Reached XP level 6. HP: 41/46 MP: 0/0
  1984 | D:4      | Noticed Edmund
  1985 | D:4      | 1985 ||| RETREEEEATING.
  1995 | D:4      | HP: 11/46 [orc/+0 hand axe (2)]
  1996 | D:4      | 1996 ||| READING 4 scrolls of teleportation.
  1996 | D:4      | HP: 2/46 [gnoll/+0 club (5)]
  1997 | D:4      | Slain by an orc

Levels and vault maps discovered:
D:1:      dpeg_cavernosity, layout_basic
D:2:      layout_basic, uniq_natasha
D:3:      layout_basic
D:4:      cheibrodos_quashed, layout_basic, nicolae_kikubaaqudgha_miasma_corner,
          lemuel_round_altar, amcnicky_altar_gilded,
          ebering_ghost_reflecting_pool, gup_ossuary_entry_pyramid,
          kennysheep_generic_room_11, uniq_ijyb, uniq_edmund

Skill      XL: |  1  2  3  4  5 |
---------------+----------------+-----
Ranged Weapons | 4 5 |  5.0
Fighting       | 3 |  3.2
Dodging        | 3 |  3.0
Armour         | 1 |  1.0
Stealth        | |  0.7

Action                     |  1- 3 |  4- 6 || total
---------------------------+-------+-------++-------
   Fire: Shortbow          |    70 |   126 ||   196
    Use: Scroll            |     1 |     3 ||     4
         Potion            |       |     2 ||     2
 Armour: Leather armour    |    11 |    14 ||    25
         Ring mail         |       |    33 ||    33
  Dodge: Dodged            |    15 |    52 ||    67
  Block: Other             |       |    11 ||    11

Table legend:
 A = Non-vault XP
 B = Vault XP
 C = Vault XP percentage of total XP
 D = Non-vault monster count
 E = Vault monster count
 F = Vault count percentage of total count
                 A         B        C        D         E       F
            +---------+---------+-------+---------+---------+-------
      Total |     273 |      42 |  13.3 |      61 |       5 |   7.6
            +---------+---------+-------+---------+---------+-------
        D:1 |      28 |       7 |  20.0 |      17 |       4 |  19.0
        D:2 |      71 |      35 |  33.0 |      20 |       1 |   4.8
        D:3 |      47 |       0 |   0.0 |      18 |       0 |   0.0
        D:4 |     127 |       0 |   0.0 |       6 |       0 |   0.0
            +---------+---------+-------+---------+---------+-------
